[ AOE2 MATCH · #506784630 ]
UnrankedPersians vs Ethiopians
Player's team · LOSS
[ REPLAY ANALYSIS · EXTRACTED FROM THE RECORDED GAME ]
Feudal
8:30
Castle
23:16
Imperial
51:48
| APM avg | 50.8 |
| APM peak | 97 |
| eAPM avg | 29.4 |
| Villagers / military | 160 / 685 |
Focus
⚔️ 37.1% · 🌾 62.9%
Skirmisher ×384 · Knight ×147 · Scout Cavalry ×112 · Bombard Cannon ×9 · Trebuchet (Packed) ×8 · Battering Ram ×6
Feudal
8:26
Castle
24:04
Imperial
46:00
| APM avg | 42.9 |
| APM peak | 82 |
| eAPM avg | 20.7 |
| Villagers / military | 261 / 502 |
Focus
⚔️ 46.1% · 🌾 53.9%
Archer ×213 · Spearman ×153 · Skirmisher ×89 · Trebuchet (Packed) ×18 · Mangonel ×9 · Bombard Cannon ×6
Match map
Initial resources + every placement click. Lines = walls · curves = elevation contours. ◆ gold · ⬟ stone · ● berries · ✦ relic · ◌ wall gap
Your base· Open — 4t gap
Head_Of_The_School's base· Open — 2t gap
Smoothed initial terrain · ◌ = detected wall gap · hover for details
Inputs per minute
— HK | Foko_89 - - Head_Of_The_School
Build order — HK | Foko_89
First 150 of 753 actions detected
| 0:00 | Queue | Villager (Male) |
| 0:01 | Queue | Villager (Male) |
| 0:01 | Queue | Villager (Male) |
| 0:02 | Build | House |
| 0:06 | Build | House |
| 0:15 | Queue | Villager (Male) |
| 0:15 | Queue | Villager (Male) |
| 1:25 | Queue | Villager (Male) |
| 1:25 | Queue | Villager (Male) |
| 1:42 | Build | Lumber Camp |
| 2:03 | Queue | Villager (Male) |
| 2:40 | Queue | Villager (Male) |
| 2:40 | Queue | Villager (Male) |
| 3:00 | Queue | Villager (Male) |
| 3:00 | Queue | Villager (Male) |
| 3:27 | Build | House |
| 3:28 | Build | House |
| 3:32 | Queue | Villager (Male) |
| 3:50 | Queue | Villager (Male) |
| 3:50 | Queue | Villager (Male) |
| 3:54 | Queue | Villager (Male) |
| 4:06 | Queue | Villager (Male) |
| 4:21 | Build | Mill |
| 4:28 | Queue | Villager (Male) |
| 4:50 | Queue | Villager (Male) |
| 4:50 | Queue | Villager (Male) |
| 5:19 | Queue | Villager (Male) |
| 5:58 | Research | Loom |
| 5:58 | Research | Loom |
| 6:26 | Research | Feudal Age |
| 6:26 | Research | Feudal Age |
| 6:47 | Build | Mining Camp |
| 7:12 | Build | House |
| 7:14 | Build | House |
| 7:20 | Build | Palisade Wall |
| 7:46 | Build | Palisade Wall |
| 8:13 | Build | Barracks |
| 8:23 | Queue | Villager (Male) |
| 8:30 | Age | Feudal Age |
| 8:32 | Research | Double-Bit Axe |
| 8:52 | Queue | Villager (Male) |
| 8:54 | Research | Town Watch |
| 9:06 | Queue | Villager (Male) |
| 9:21 | Build | Watch Tower |
| 9:28 | Queue | Villager (Male) |
| 9:35 | Build | Archery Range |
| 10:01 | Build | Watch Tower |
| 10:37 | Build | Blacksmith |
| 10:40 | Queue | Skirmisher |
| 10:42 | Queue | Skirmisher |
| 10:42 | Queue | Skirmisher |
| 11:03 | Queue | Villager (Male) |
| 11:34 | Queue | Skirmisher |
| 12:00 | Research | Fletching |
| 12:00 | Research | Fletching |
| 12:01 | Queue | Skirmisher |
| 12:18 | Build | Mining Camp |
| 12:23 | Queue | Skirmisher |
| 12:28 | Queue | Villager (Male) |
| 12:28 | Queue | Villager (Male) |
| 12:48 | Build | Palisade Wall |
| 12:48 | Build | Palisade Wall |
| 12:49 | Build | Palisade Wall |
| 12:50 | Build | Palisade Wall |
| 12:55 | Queue | Skirmisher |
| 12:58 | Queue | Villager (Male) |
| 13:01 | Build | Farm |
| 13:02 | Build | Farm |
| 13:25 | Build | Palisade Wall |
| 13:28 | Build | Palisade Wall |
| 13:41 | Build | Palisade Wall |
| 14:06 | Queue | Villager (Male) |
| 14:44 | Queue | Villager (Male) |
| 14:48 | Queue | Villager (Male) |
| 14:51 | Build | Farm |
| 14:52 | Build | Farm |
| 14:52 | Build | Farm |
| 14:52 | Build | Farm |
| 14:59 | Build | Archery Range |
| 15:09 | Queue | Villager (Male) |
| 15:20 | Queue | Villager (Male) |
| 15:30 | Build | Stone Wall |
| 15:36 | Build | Watch Tower |
| 15:39 | Build | Palisade Wall |
| 15:43 | Build | Palisade Wall |
| 15:45 | Build | Palisade Wall |
| 15:53 | Queue | Villager (Male) |
| 15:56 | Build | Farm |
| 16:05 | Build | House |
| 16:06 | Build | House |
| 16:11 | Research | Padded Archer Armor |
| 16:12 | Queue | Villager (Male) |
| 16:18 | Build | Farm |
| 16:20 | Build | Farm |
| 16:33 | Queue | Skirmisher |
| 16:34 | Queue | Skirmisher |
| 16:38 | Build | Market |
| 16:56 | Build | Palisade Wall |
| 16:58 | Build | Palisade Wall |
| 17:14 | Queue | Villager (Male) |
| 17:15 | Build | Farm |
| 17:16 | Build | Farm |
| 17:19 | Build | Farm |
| 17:21 | Build | Farm |
| 17:28 | Queue | Spearman |
| 17:29 | Queue | Spearman |
| 17:29 | Queue | Spearman |
| 17:42 | Queue | Villager (Male) |
| 18:13 | Queue | Villager (Male) |
| 18:28 | Build | House |
| 19:04 | Build | Watch Tower |
| 19:07 | Queue | Villager (Male) |
| 19:09 | Build | Palisade Gate |
| 19:14 | Build | Farm |
| 19:14 | Build | Farm |
| 19:17 | Build | Farm |
| 19:19 | Queue | Villager (Male) |
| 19:21 | Build | Lumber Camp |
| 19:55 | Build | Palisade Wall |
| 20:00 | Build | Palisade Gate |
| 20:05 | Queue | Villager (Male) |
| 20:16 | Queue | Villager (Male) |
| 20:44 | Research | Castle Age |
| 20:45 | Research | Castle Age |
| 22:29 | Research | Wheelbarrow |
| 22:32 | Research | Scale Barding Armor |
| 22:32 | Research | Scale Barding Armor |
| 22:35 | Research | Forging |
| 22:35 | Research | Forging |
| 22:40 | Build | Stable |
| 23:03 | Build | Farm |
| 23:16 | Age | Castle Age |
| 23:21 | Build | Siege Workshop |
| 23:29 | Research | Husbandry |
| 23:35 | Research | Bloodlines |
| 23:36 | Queue | Knight |
| 23:36 | Queue | Knight |
| 23:36 | Queue | Knight |
| 24:01 | Build | Town Center |
| 24:12 | Queue | Knight |
| 24:15 | Queue | Villager (Male) |
| 24:17 | Build | Farm |
| 24:50 | Research | Bow Saw |
| 24:50 | Research | Bow Saw |
| 24:52 | Queue | Villager (Male) |
| 25:06 | Build | Farm |
| 25:14 | Build | House |
| 25:14 | Build | House |
| 25:15 | Build | House |
| 25:33 | Queue | Knight |
Build order — Head_Of_The_School
First 150 of 756 actions detected
| 0:01 | Queue | Villager (Male) |
| 0:01 | Queue | Villager (Male) |
| 0:01 | Queue | Villager (Male) |
| 0:02 | Queue | Villager (Male) |
| 0:03 | Build | House |
| 0:04 | Build | House |
| 1:19 | Queue | Villager (Male) |
| 1:41 | Queue | Villager (Male) |
| 2:28 | Queue | Villager (Male) |
| 2:28 | Queue | Villager (Male) |
| 2:32 | Queue | Villager (Male) |
| 2:47 | Build | Lumber Camp |
| 3:13 | Queue | Villager (Male) |
| 3:40 | Queue | Villager (Male) |
| 3:40 | Queue | Villager (Male) |
| 3:57 | Queue | Villager (Male) |
| 4:05 | Build | House |
| 4:50 | Queue | Villager (Male) |
| 4:50 | Queue | Villager (Male) |
| 5:03 | Queue | Villager (Male) |
| 5:09 | Build | Mining Camp |
| 5:16 | Research | Loom |
| 6:14 | Research | Feudal Age |
| 6:26 | Queue | Villager (Male) |
| 7:10 | Build | Barracks |
| 8:05 | Build | House |
| 8:26 | Age | Feudal Age |
| 8:28 | Build | Archery Range |
| 8:29 | Queue | Spearman |
| 8:30 | Research | Double-Bit Axe |
| 8:36 | Build | Palisade Wall |
| 8:37 | Build | Palisade Wall |
| 8:49 | Queue | Villager (Male) |
| 8:52 | Queue | Spearman |
| 8:56 | Queue | Villager (Male) |
| 9:04 | Build | Mill |
| 9:17 | Queue | Archer |
| 9:17 | Queue | Archer |
| 9:17 | Queue | Archer |
| 9:20 | Queue | Villager (Male) |
| 9:24 | Build | House |
| 9:36 | Queue | Archer |
| 9:46 | Queue | Villager (Male) |
| 9:53 | Queue | Villager (Male) |
| 9:57 | Queue | Archer |
| 10:13 | Build | Blacksmith |
| 10:22 | Queue | Archer |
| 10:27 | Build | Palisade Wall |
| 10:29 | Build | Palisade Wall |
| 10:32 | Build | Palisade Wall |
| 10:38 | Queue | Archer |
| 10:39 | Build | Palisade Wall |
| 11:00 | Queue | Villager (Male) |
| 11:00 | Queue | Villager (Male) |
| 11:03 | Build | House |
| 11:10 | Queue | Villager (Male) |
| 11:54 | Queue | Villager (Male) |
| 12:11 | Queue | Villager (Male) |
| 12:22 | Queue | Skirmisher |
| 12:42 | Build | Farm |
| 12:42 | Build | Farm |
| 12:43 | Build | Farm |
| 12:43 | Build | Farm |
| 12:43 | Build | Farm |
| 12:43 | Build | Farm |
| 12:44 | Build | Farm |
| 12:44 | Build | Farm |
| 12:45 | Queue | Villager (Male) |
| 12:57 | Queue | Villager (Male) |
| 12:57 | Queue | Villager (Male) |
| 13:09 | Research | Fletching |
| 13:36 | Build | Palisade Wall |
| 13:54 | Queue | Villager (Male) |
| 14:00 | Queue | Villager (Male) |
| 14:16 | Queue | Archer |
| 14:27 | Build | House |
| 14:28 | Queue | Skirmisher |
| 14:36 | Queue | Villager (Male) |
| 14:38 | Build | Stable |
| 14:52 | Build | Farm |
| 14:53 | Build | Farm |
| 14:54 | Build | Farm |
| 15:03 | Queue | Villager (Male) |
| 15:08 | Queue | Villager (Male) |
| 15:13 | Research | Horse Collar |
| 15:20 | Queue | Villager (Male) |
| 15:20 | Queue | Villager (Male) |
| 15:32 | Build | Farm |
| 15:35 | Queue | Scout Cavalry |
| 15:41 | Queue | Villager (Male) |
| 15:50 | Build | House |
| 16:01 | Build | Mill |
| 16:02 | Queue | Scout Cavalry |
| 16:07 | Queue | Villager (Male) |
| 16:21 | Queue | Skirmisher |
| 16:25 | Queue | Villager (Male) |
| 16:29 | Queue | Villager (Male) |
| 16:42 | Build | Farm |
| 16:44 | Queue | Villager (Male) |
| 16:51 | Queue | Villager (Male) |
| 17:05 | Build | Watch Tower |
| 17:07 | Queue | Villager (Male) |
| 17:14 | Queue | Skirmisher |
| 17:17 | Build | House |
| 17:18 | Build | House |
| 17:20 | Queue | Villager (Male) |
| 17:30 | Build | Mining Camp |
| 17:46 | Queue | Scout Cavalry |
| 18:09 | Queue | Villager (Male) |
| 18:14 | Queue | Scout Cavalry |
| 18:19 | Queue | Villager (Male) |
| 18:29 | Queue | Villager (Male) |
| 18:35 | Build | Mill |
| 18:43 | Queue | Scout Cavalry |
| 18:47 | Queue | Archer |
| 19:08 | Queue | Villager (Male) |
| 19:17 | Build | Mill |
| 19:55 | Queue | Villager (Male) |
| 20:13 | Queue | Villager (Male) |
| 20:16 | Build | House |
| 20:17 | Build | House |
| 20:22 | Build | Market |
| 21:24 | Research | Castle Age |
| 21:33 | Build | Archery Range |
| 21:38 | Queue | Skirmisher |
| 21:38 | Queue | Skirmisher |
| 21:39 | Queue | Villager (Male) |
| 21:39 | Queue | Villager (Male) |
| 21:53 | Build | House |
| 21:53 | Build | Palisade Wall |
| 22:02 | Queue | Villager (Male) |
| 22:04 | Build | Lumber Camp |
| 22:06 | Build | Lumber Camp |
| 22:37 | Build | Mining Camp |
| 22:49 | Queue | Archer |
| 22:49 | Queue | Archer |
| 22:51 | Queue | Archer |
| 22:51 | Queue | Archer |
| 22:54 | Research | Gold Mining |
| 23:10 | Build | House |
| 23:11 | Build | Palisade Wall |
| 23:12 | Build | Palisade Wall |
| 23:13 | Build | Palisade Wall |
| 23:15 | Build | Palisade Wall |
| 23:15 | Build | Palisade Wall |
| 23:16 | Build | Palisade Wall |
| 23:17 | Build | Palisade Wall |
| 23:19 | Queue | Villager (Male) |
| 23:29 | Queue | Archer |
| 23:29 | Queue | Archer |
Match timeline
| 7:10 | Head_Of_The_School · first_building Barracks |
| 7:20 | HK | Foko_89 · wall_segment Palisade Wall x16 |
| 7:46 | HK | Foko_89 · wall_segment Palisade Wall x1 |
| 8:13 | HK | Foko_89 · first_building Barracks |
| 8:26 | Head_Of_The_School · age_up feudal |
| 8:28 | Head_Of_The_School · first_building Archery Range |
| 8:30 | HK | Foko_89 · age_up feudal |
| 8:36 | Head_Of_The_School · wall_segment Palisade Wall x1 |
| 8:37 | Head_Of_The_School · wall_segment Palisade Wall x1 |
| 9:35 | HK | Foko_89 · first_building Archery Range |
| 10:27 | Head_Of_The_School · wall_segment Palisade Wall x1 |
| 10:29 | Head_Of_The_School · wall_segment Palisade Wall x1 |
| 10:32 | Head_Of_The_School · wall_segment Palisade Wall x1 |
| 10:39 | Head_Of_The_School · wall_segment Palisade Wall x1 |
| 12:48 | HK | Foko_89 · wall_segment Palisade Wall x1 |
| 12:48 | HK | Foko_89 · wall_segment Palisade Wall x1 |
| 12:49 | HK | Foko_89 · wall_segment Palisade Wall x1 |
| 12:50 | HK | Foko_89 · wall_segment Palisade Wall x1 |
| 13:25 | HK | Foko_89 · wall_segment Palisade Wall x1 |
| 13:28 | HK | Foko_89 · wall_segment Palisade Wall x1 |
| 13:36 | Head_Of_The_School · wall_segment Palisade Wall x1 |
| 13:41 | HK | Foko_89 · wall_segment Palisade Wall x1 |
| 14:38 | Head_Of_The_School · first_building Stable |
| 15:30 | HK | Foko_89 · wall_segment Stone Wall x1 |
| 15:39 | HK | Foko_89 · wall_segment Palisade Wall x1 |
| 15:43 | HK | Foko_89 · wall_segment Palisade Wall x1 |
| 15:45 | HK | Foko_89 · wall_segment Palisade Wall x2 |
| 16:56 | HK | Foko_89 · wall_segment Palisade Wall x1 |
| 16:58 | HK | Foko_89 · wall_segment Palisade Wall x1 |
| 18:48 | HK | Foko_89 · first_market_buy 100 stone |
| 19:55 | HK | Foko_89 · wall_segment Palisade Wall x1 |
| 20:23 | HK | Foko_89 · first_market_sell 500 wood |
| 21:14 | Head_Of_The_School · first_market_sell 100 wood |
| 21:15 | Head_Of_The_School · first_market_buy 100 food |
| 21:53 | Head_Of_The_School · wall_segment Palisade Wall x1 |
| 22:40 | HK | Foko_89 · first_building Stable |
| 23:11 | Head_Of_The_School · wall_segment Palisade Wall x1 |
| 23:12 | Head_Of_The_School · wall_segment Palisade Wall x1 |
| 23:13 | Head_Of_The_School · wall_segment Palisade Wall x1 |
| 23:15 | Head_Of_The_School · wall_segment Palisade Wall x1 |
| 23:15 | Head_Of_The_School · wall_segment Palisade Wall x1 |
| 23:16 | HK | Foko_89 · age_up castle |
| 23:16 | Head_Of_The_School · wall_segment Palisade Wall x1 |
| 23:17 | Head_Of_The_School · wall_segment Palisade Wall x1 |
| 23:21 | HK | Foko_89 · first_building Siege Workshop |
| 24:04 | Head_Of_The_School · age_up castle |
| 24:11 | Head_Of_The_School · first_building Siege Workshop |
| 28:21 | Head_Of_The_School · first_building Monastery |
| 28:25 | HK | Foko_89 · first_building Monastery |
| 33:41 | HK | Foko_89 · first_building Castle |
| 46:00 | Head_Of_The_School · age_up imperial |
| 47:55 | Head_Of_The_School · first_building Castle |
| 48:09 | Head_Of_The_School · wall_segment Palisade Wall x1 |
| 51:48 | HK | Foko_89 · age_up imperial |
| 52:29 | Head_Of_The_School · wall_segment Stone Wall x1 |
| 52:32 | Head_Of_The_School · wall_segment Stone Wall x1 |
| 52:35 | Head_Of_The_School · wall_segment Stone Wall x1 |
| 54:15 | Head_Of_The_School · wall_segment Stone Wall x13 |
| 54:17 | Head_Of_The_School · wall_segment Stone Wall x9 |
| 54:19 | Head_Of_The_School · wall_segment Stone Wall x14 |
| 55:00 | Head_Of_The_School · wall_segment Stone Wall x26 |
| 55:19 | Head_Of_The_School · wall_segment Stone Wall x1 |
| 55:20 | Head_Of_The_School · wall_segment Stone Wall x1 |
| 55:21 | Head_Of_The_School · wall_segment Stone Wall x1 |
| 55:21 | Head_Of_The_School · wall_segment Stone Wall x1 |
| 56:56 | Head_Of_The_School · wall_segment Stone Wall x9 |
| 57:31 | Head_Of_The_School · wall_segment Stone Wall x6 |
| 60:40 | Head_Of_The_School · wall_segment Stone Wall x1 |
| 60:40 | Head_Of_The_School · wall_segment Stone Wall x1 |
| 63:53 | Head_Of_The_School · wall_segment Stone Wall x1 |
| 63:55 | Head_Of_The_School · wall_segment Stone Wall x1 |
| 63:56 | Head_Of_The_School · wall_segment Stone Wall x1 |
| 63:56 | Head_Of_The_School · wall_segment Stone Wall x1 |
| 63:57 | Head_Of_The_School · wall_segment Stone Wall x1 |
| 79:01 | HK | Foko_89 · resign |
[ AI ANALYSIS · 1 CREDIT ]
What really happened in this match?
Wolo.gg analyzes every decision: build order, eco, micro, common mistakes by bracket. Personalized analysis on WhatsApp or Discord in 30 seconds.
Civ guide
Persians
Perfil
Jugador #6322725